 Dungeon Crawl Stone Soup version 0.21-a0-414-gba8bdf1 (webtiles) character file.

800 sagitran the Chucker (level 7, 0/71 HPs)
             Began as an Ogre Hunter on Nov 2, 2017.
             Succumbed to an adder's poison
             ... on level 4 of the Dungeon.
             The game lasted 00:18:17 (6376 turns).

sagitran the Chucker (Ogre Hunter)                  Turns: 6376, Time: 00:18:18

Health: 0/71       AC:  3    Str: 15 (18) XL:     7   Next: 90%
Magic:  7/7        EV: 17    Int: 16 (17) God:
Gold:   205        SH:  0    Dex: 13 (15) Spells: 6/6 levels left

rFire    . . .     SeeInvis .   u - +0 giant spiked club
rCold    . . .     Gourm    .   (shield currently unavailable)
rNeg     . . .     Faith    .   b - +0 robe
rPois    .         Spirit   .   (helmet restricted)
rElec    .         Reflect  .   (no cloak)
rCorr    .         Harm     .   (gloves unavailable)
MR       .....                  (boots unavailable)
Stlth    ++........             (no amulet)
HPRegen  0.21/turn              (no ring)
MPRegen  0.10/turn              (no ring)

@: brilliant, agile, lethally poisoned (0 -> -2), very slightly contaminated,
invisible
A: unfitting armour, hooves 1, tough skin 1, evolution 1
a: no special abilities


You were on level 4 of the Dungeon.
You were not hungry.

You visited 1 branch of the dungeon, and saw 4 of its levels.

You collected 205 gold pieces.

Inventory:

Hand Weapons
 a - a +0 short sword
 d - a +0 giant club
 o - a +0 whip
 u - a +0 giant spiked club (weapon)
Missiles
 c - 4 large rocks (quivered)
Armour
 b - a +0 robe (worn)
Wands
 g - a wand of polymorph (7/24)
 y - a wand of polymorph (13/24)
Scrolls
 e - 2 scrolls of noise {unknown}
 h - 7 scrolls of remove curse {unknown}
 j - 2 scrolls of amnesia {unknown}
 m - a scroll of random uselessness {unknown}
 p - 4 scrolls of teleportation {unknown}
 q - a scroll of fog {unknown}
 r - 4 scrolls of identify {unknown}
 B - a scroll of blinking {unknown}
Potions
 l - a potion of berserk rage
 z - a potion of degeneration
Comestibles
 f - a bread ration
 n - 3 chunks of flesh
 s - 2 fruits
 t - 3 meat rations
 A - 2 royal jellies


   Skills:
 + Level 4.7 Fighting
 + Level 0.5 Short Blades
 * Level 4.8 Maces & Flails
 + Level 5.1 Throwing
 * Level 4.3 Dodging
 + Level 1.2 Stealth


You had 6 spell levels left.
You didn't know any spells.

Dungeon Overview and Level Annotations

Branches:
Dungeon (4/15)
 Temple: D:4-7

Altars:
Ru
Uskayaw

Shops:
D:4 [


Innate Abilities, Weirdness & Mutations

You are too large for most types of armour.
You have tough skin. (AC +1)
You have large cloven feet.
You evolve.


Message History

* * * LOW HITPOINT WARNING * * *
The goblin hits you but does no damage.
It was a potion of invisibility.
You fade into invisibility!
* * * LOW HITPOINT WARNING * * *
You feel sick. The goblin hits you but does no damage. The goblin misses you.
You are very lightly contaminated with residual magic.
It was a potion of degeneration.
There was something very wrong with that liquid.
You feel weakened.
You feel dopey.
You feel clumsy. The goblin closely misses you. The goblin misses you.
It was a potion of magic.
Magic courses through your body.
* * * LOW HITPOINT WARNING * * *
You feel sick. The goblin closely misses you. The goblin barely misses you.
It was a potion of brilliance.
You feel clever all of a sudden. The goblin closely misses you.
The goblin barely misses you.
It was a potion of agility.
You feel agile all of a sudden.
You die...

.≈≈## ≈≈≈# ≈≈##
.#########≈≈#
.........#≈≈######
.........'........ ..#
.........g..(.# #.#
........†g@.(.#########.#
......†..#≈≈#...........#
.#########≈≈#...........#
#..≈≈≈##.(.........#
'..≈≈≈##.(.........###
#..≈≈.................
#.g≈≈....(.........#.#
.%.≈≈....(.........#.#
..≈≈≈..............#.#


You could see 2 goblins.

Vanquished Creatures
  Menkaure (D:4)
  2 ogres (D:4)
  A howler monkey (D:4)
  A centaur zombie (D:4)
  A hound (D:4)
  An orc priest (D:3)
  A bullfrog skeleton (D:4)
  A centaur skeleton (D:4)
  An orc wizard (D:3)
  6 worker ants (D:4)
  Terence (D:3)
  A hound skeleton (D:4)
  3 adders
  3 oozes
  2 worms
  2 dart slugs (D:2)
  4 leopard geckos
  5 orcs
  4 giant cockroaches
  9 hobgoblins
  7 jackals
  9 kobolds
  7 bats
  8 frilled lizards
  8 goblins
  5 rats
94 creatures vanquished.

Notes
Turn   | Place    | Note
-------+----------+-------------------------------------------
     0 | D:1      | sagitran the Ogre Hunter began the quest for the Orb.
     0 | D:1      | Reached XP level 1. HP: 22/22 MP: 1/1
   251 | D:1      | Reached XP level 2. HP: 23/29 MP: 2/2
   838 | D:1      | Reached XP level 3. HP: 28/36 MP: 3/3
  1661 | D:2      | Reached XP level 4. HP: 12/45 MP: 4/4
  2055 | D:2      | Found a hide-covered altar of Uskayaw.
  2243 | D:2      | Found a faded altar of an unknown god.
  2345 | D:2      | Reached skill level 1 in Maces & Flails
  3063 | D:3      | Noticed Terence
  3200 | D:3      | Reached XP level 5. HP: 45/53 MP: 5/5
  3249 | D:3      | Gained mutation: Your flesh is heat resistant. (rF+) [potion of mutation]
  3249 | D:3      | Gained mutation: Armour fits poorly on your strangely shaped body. [potion of mutation]
  3249 | D:3      | Gained mutation: You are agile. (Dex +2) [potion of mutation]
  3332 | D:3      | Killed Terence
  3741 | D:4      | Reached XP level 6. HP: 10/62 MP: 6/6
  3751 | D:4      | Found Goilus's Antique Armour Emporium.
  3999 | D:4      | Lost mutation: You are agile. (Dex +2) [potion of mutation]
  3999 | D:4      | Lost mutation: Armour fits poorly on your strangely shaped body. [potion of mutation]
  3999 | D:4      | Lost mutation: Your flesh is heat resistant. (rF+) [potion of mutation]
  3999 | D:4      | Gained mutation: You evolve. [potion of mutation]
  3999 | D:4      | Gained mutation: You have large cloven feet. [potion of mutation]
  4575 | D:4      | Reached skill level 1 in Stealth
  4871 | D:4      | Reached skill level 5 in Throwing
  5362 | D:4      | Reached XP level 7. HP: 36/70 MP: 7/7
  5718 | D:4      | Found a sacrificial altar of Ru.
  6016 | D:4      | Noticed Menkaure
  6023 | D:4      | Killed Menkaure
  6371 | D:4      | HP: 2/71 [goblin (4)]
  6376 | D:4      | Succumbed to an adder's poison

Vault maps used:
D:1:      dpeg_arrival_rooms_with_view
D:2:      marbit_many_paths, chequers_ecumenical_altar_island
D:3:      minmay_misc_feat_encased, kennysheep_generic_room_5, uniq_terence
D:4:      kennysheep_goblin_castle, serial_shops, shop,
          eino_small_chamber_without_monster, nicolae_ru_path_of_blood,
          uniq_menkaure

Skill      XL: |  1  2  3  4  5  6  7 |
---------------+----------------------+-----
Dodging        | 2 3 4 |  4.3
Fighting       | 3 4 |  4.7
Maces & Flails | 2 3 4 |  4.8
Stealth        | 1 |  1.2
Throwing       | 5 |  5.1
Short Blades   | |  0.5

Action                   |  1- 3 |  4- 6 |  7- 9 || total
-------------------------+-------+-------+-------++-------
Melee: Short sword       |    67 |       |       ||    67
       Whip              |    94 |   250 |    25 ||   369
       Kick              |       |    25 |    13 ||    38
       Giant spiked club |       |       |    27 ||    27
       Giant club        |       |       |     5 ||     5
Throw: Large rock        |     5 |    20 |     3 ||    28
       Throwing net      |       |     2 |       ||     2
  Use: Potion            |       |     7 |     6 ||    13
  Eat: Chunk             |     3 |     9 |     3 ||    15
       Fruit             |       |     2 |     1 ||     3
Armor: Robe              |    48 |    74 |    26 ||   148
Dodge: Dodged            |   109 |   118 |    70 ||   297

Table legend:
 A = Spawn XP
 B = Non-spawn XP
 C = Spawn XP percentage of total XP
 D = Spawn monster count
 E = Non-spawn monster count
 F = Spawn count percentage of total count
 G = Total turns spent on level
                    A         B        C        D         E        F      G
               +---------+---------+-------+---------+---------+-------+---------
         Total |       0 |    1143 |   0.0 |       0 |      94 |   0.0 |  6376
               +---------+---------+-------+---------+---------+-------+---------
           D:1 |       0 |      51 |   0.0 |       0 |      29 |   0.0 |  1493
           D:2 |       0 |      53 |   0.0 |       0 |      20 |   0.0 |   980
           D:3 |       0 |     167 |   0.0 |       0 |      19 |   0.0 |  1176
           D:4 |       0 |     872 |   0.0 |       0 |      26 |   0.0 |  2727
               +---------+---------+-------+---------+---------+-------+---------
